 Dungeon Crawl Stone Soup version 0.19-a0-1697-g0595f0e (webtiles) character file.

61 4thArraOfDagon the Ruffian (level 3, 0/31 HPs)
             Began as a Troll Wanderer on Sept 26, 2016.
             Was an Elder of Jiyva.
             Slain by a centaur
             ... wielding a cursed +0 shortbow
              (5 damage)
             ... on level 5 of the Dungeon.
             The game lasted 00:05:30 (1171 turns).

4thArraOfDagon the Ruffian (Troll Wanderer)         Turns: 1171, Time: 00:05:31

Health: 0/31       AC:  6    Str: 19    XL:     3   Next: 83%
Magic:  6/6        EV:  9    Int:  7    God:    Jiyva [****..]
Gold:   65         SH:  0    Dex: 12    Spells: 1 memorised, 4 levels left

rFire  . . .     SeeInvis .       - Unarmed
rCold  . . .     Gourm    +     e - +0 robe
rNeg   . . .     Faith    .     (no shield)
rPois  .         Spirit   .     (helmet restricted)
rElec  .         Dismiss  .     (no cloak)
rCorr  +         Reflect  .     (gloves unavailable)
MR     .....     Harm     .     (boots unavailable)
Stlth  +.........               (no amulet)
                                (no ring)
                                (no ring)

@: no status effects
A: unfitting armour, claws 3, hooves 1, fast metabolism 3, gourmand,
regeneration 1, shaggy fur 1, tough skin 2
a: Request Jelly, Jelly Paralyse, Slimify, Renounce Religion


You were on level 5 of the Dungeon.
You worshipped Jiyva.
Jiyva was greatly pleased with you.
You were completely stuffed.

You visited 1 branch of the dungeon, and saw 5 of its levels.

You collected 65 gold pieces.

Inventory:

Hand Weapons
 d - a +0 blowgun
 j - a +1 short sword of protection
Missiles
 c - 13 poisoned needles
Armour
 e - a +0 robe (worn)
Scrolls
 g - a scroll of fear {unknown}
 i - 2 scrolls of teleportation
 k - a scroll of noise
 m - 2 scrolls of remove curse {unknown}
Potions
 h - a potion of resistance {unknown}
 l - 3 potions of curing {unknown}
 n - 2 potions of agility {unknown}
Books
 a - a book of Necromancy

   Spells                             Type                      Level
   a - Pain                           Necromancy                   1
   b - Animate Skeleton               Necromancy                   1
   c - Vampiric Draining              Necromancy                   3
   d - Regeneration                   Charms/Necromancy            3
   e - Animate Dead                   Necromancy                   4
   f - Control Undead                 Necromancy                   4
 b - the Catalogue of Intoxication

   Spells                             Type                      Level
   a - Sting                          Conjuration/Poison           1
   b - Mephitic Cloud                 Conjuration/Poison/Air       3
Comestibles
 f - 5 bread rations


   Skills:
 - Level 1.0 Throwing
   Level 1.0 Shields
 * Level 3.3 Unarmed Combat
 + Level 2.8 Spellcasting
   Level 1.3 Conjurations
   Level 1.0 Hexes
 - Level 1.0 Necromancy


You had 4 spell levels left.
You knew the following spells:

 Your Spells              Type           Power        Failure   Level  Hunger
a - Regeneration          Chrm/Necr      #.........   86%         3    ####...


Dungeon Overview and Level Annotations

Branches:
Dungeon (5/15)
 Temple: D:4-7

Altars:
Gozag
Jiyva

Annotations:
D:2 Sigmund


Innate Abilities, Weirdness & Mutations

You are too large for most types of armour.
You have claws for hands.
Your metabolism is lightning-fast.
You like to eat raw meat.
Your natural rate of healing is unusually fast.
You are covered in fur. (AC +1)
You have very tough skin. (AC +2)
You have large cloven feet.


Message History

The centaur hits you but does no damage.
Okay, then.
The frilled lizard hisses angrily.
You scratch the centaur. You kick the centaur, but do no damage.
The centaur is lightly wounded.
The centaur hits you with a shortbow!
You claw the centaur! You kick the centaur, but do no damage.
The centaur is heavily wounded.
The centaur hits you but does no damage.
You scratch the centaur. Your kick misses the centaur.
The centaur is severely wounded.
The centaur barely misses you. The centaur hits you with a shortbow.
You barely miss the centaur.
The centaur is severely wounded.
The centaur hits you with a shortbow!
* * * LOW HITPOINT WARNING * * *
You barely miss the centaur. Your kick misses the centaur.
The centaur is severely wounded.
The centaur hits you with a shortbow.
You die...

### #.. #.#
#.# #.# ###
####@###.....
#....cl...J..
#..#####.....
#..#### ...
#.....# ...
##.##.# ..
#.##.##.#
#.......# #.#
####.####
#######.#


You could see a centaur, a frilled lizard and a neutral jelly (fellow slime).

Vanquished Creatures
  2 adders
  A worm (D:2)
  A dart slug (D:1)
  A leopard gecko (D:1)
  An orc (D:5)
  2 bats
  4 giant cockroaches
  3 goblins
  4 hobgoblins (D:1)
  3 jackals (D:1)
  A frilled lizard (D:3)
  8 kobolds
  A quokka skeleton (D:4)
  2 rats
34 creatures vanquished.

Vanquished Creatures (others)
  3 jellies
  2 adders (D:3)
  A worm (D:3)
  A dart slug (D:2)
  A leopard gecko (D:3)
  4 orcs (D:3)
  2 bats (D:2)
  4 jackals (D:5)
  A frilled lizard (D:3)
  3 goblins
  2 rats
24 creatures vanquished.

Grand Total: 58 creatures vanquished

Notes
Turn   | Place    | Note
-------+----------+-------------------------------------------
     0 | D:1      | 4thArraOfDagon the Troll Wanderer began the quest for the Orb.
     0 | D:1      | 4thArraOfDagon set off with: a book of Necromancy, the Catalogue of Intoxication, 13 poisoned needles, a +0 blowgun, a +0 robe, 2 bread rations
     0 | D:1      | Reached XP level 1. HP: 16/16 MP: 3/3
     0 | D:1      | Identified the Catalogue of Intoxication
    21 | D:1      | Reached skill level 1 in Unarmed Combat
    48 | D:1      | Reached XP level 2. HP: 19/24 MP: 4/4
    94 | D:2      | Found a faded altar of an unknown god.
   103 | D:2      | Became a worshipper of Jiyva Jirghiju the Shapeless
   103 | D:2      | Reached * piety under Jiyva
   125 | D:1      | Reached skill level 2 in Unarmed Combat
   260 | D:1      | Reached ** piety under Jiyva
   392 | D:2      | Reached XP level 3. HP: 31/31 MP: 5/5
   430 | D:2      | Reached skill level 3 in Unarmed Combat
   543 | D:2      | Learned a level 3 spell: Regeneration
   640 | D:3      | Reached *** piety under Jiyva
   697 | D:2      | Noticed Sigmund
   714 | D:3      | Gained mutation: You have large cloven feet. [Jiyva's grace]
  1013 | D:5      | Entered Level 5 of the Dungeon
  1036 | D:5      | Reached **** piety under Jiyva
  1070 | D:5      | Found an opulent altar of Gozag.
  1160 | D:5      | Noticed a centaur
  1171 | D:5      | Slain by a centaur

Vault maps used:
D:1:      saegor_arrival_simple_f
D:2:      ecumenical_altar_2, kennysheep_generic_room_11, uniq_terence,
          uniq_sigmund
D:3:      hangedman_glass_teeth, uniq_grinder
D:4:      first_bread
D:5:      grunt_gozag_breadcrumbs, lemuel_doored_altar, supply_closet_lemuel

Skill      XL: |  1  2  3 |
---------------+----------+-----
Unarmed Combat | 1 2 3 |  3.3
Throwing       | |  1.0
Shields        | |  1.0
Spellcasting   | |  2.8
Conjurations   | |  1.3
Hexes          | |  1.0
Necromancy     | |  1.0

Action                   || total
-------------------------++-------
Melee: Unarmed           ||   100
       Kick              ||     2
Invok: Request Jelly     ||     3
  Use: Scroll            ||     2
  Eat: Chunk             ||     8
Armor: Robe              ||    33
Dodge: Dodged            ||    51
